 Dungeon Crawl Stone Soup version 0.28-a0-533-g9f97627e2a (webtiles) character file.

Game seed: 13349103193082445448

225 siradein the Distorting Demonspawn (level 5, 9/42 HPs)
             Began as a Demonspawn Abyssal Knight on Sept 26, 2021.
             Was a Believer of Lugonu.
             Quit the game on level 4 of the Dungeon.
             The game lasted 00:06:36 (4197 turns).

siradein the Distorting Demonspawn (DsAK)           Turns: 4197, Time: 00:06:37

Health: 9/42       AC: 12    Str: 13    XL:     5   Next: 68%
Magic:  6/8        EV:  3    Int: 11    God:    Lugonu [**....]
Gold:   121        SH:  6    Dex: 15    Spells: 4/4 levels left

rFire   . . .      SeeInvis .   a - +1 spear
rCold   . . .      Faith    .   y - +2 buckler
rNeg    + . .      Spirit   +   l - +0 plate armour
rPois   .          Reflect  .   (no helmet)
rElec   .          Harm     .   (no cloak)
rCorr   .          Rampage  .   (no gloves)
Will    .....                   m - +0 pair of boots
Stlth   ..........              (no amulet)
HPRegen 0.14/turn               r - ring of flight
MPRegen 0.22/turn               u - ring of positive energy

@: flying
A: claws 1, magic shield, magic regeneration
a: Renounce Religion, Depart the Abyss, Bend Space


You were on level 4 of the Dungeon.
You worshipped Lugonu.
Lugonu was pleased with you.
You visited 1 branch of the dungeon, and saw 5 of its levels.
You visited the Abyss 1 time.

You collected 121 gold pieces.

Inventory:

Hand Weapons
 a - a +1 spear (weapon)
Missiles
 t - 16 poisoned darts (quivered)
Armour
 l - a +0 plate armour (worn)
 m - a +0 pair of boots (worn)
 y - a +2 buckler (worn)
Jewellery
 r - a ring of flight (left claw)
 u - a ring of positive energy (right claw)
 w - a +6 ring of intelligence
Wands
 j - a wand of charming (5)
 o - a wand of flame (17)
Scrolls
 b - 5 scrolls of identify {unknown}
 e - 2 scrolls of immolation {unknown}
 g - a scroll of amnesia {unknown}
 k - a scroll of magic mapping {unknown}
 n - a scroll of enchant armour {unknown}
 p - a scroll of acquirement {unknown}
 q - a scroll of teleportation {unknown}
Potions
 c - 2 potions of berserk rage {unknown}
 d - a potion of brilliance {unknown}
 f - a potion of lignification {unknown}
 h - 2 potions of heal wounds {unknown}
 i - a potion of mutation {unknown}
 s - 3 potions of curing {unknown}
 v - a potion of resistance {unknown}
 x - a potion of degeneration {unknown}


   Skills:
 + Level 3.9 Fighting
 + Level 2.9 Polearms
 + Level 2.8 Armour
 - Level 1.3 Dodging
 + Level 1.6 Shields
 + Level 4.0 Invocations


You had 4 spell levels left.
You didn't know any spells.
Your spell library contained the following spells:

 Spells                   Type           Power      Damage    Failure   Level
 Sublimation of Blood     Necr           0%         N/A       100%        2
 Petrify                  Tmut/Erth      0%         N/A       100%        4
 Irradiate                Conj/Tmut      0%         3d13      100%        5


Dungeon Overview and Level Annotations

Branches:
Dungeon (5/15)
 Temple: D:4-7

Altars:
Dithmenos
Fedhas
Sif Muna
Uskayaw
Wu Jian

Annotations:
D:2 1 runed translucent door, Crazy Yiuf
D:3 3 runed translucent doors, Foxy's ghost, weakling BaIE


Innate Abilities, Weirdness & Mutations

You have sharp fingernails.
When hurt, damage is shared between your health and your magic reserves.
You regenerate magic rapidly.


Message History

You throw a poisoned dart.
The poisoned dart closely misses the yak.
The yak gores you!
* * * LOW HITPOINT WARNING * * *
Space bends around you!
You blink.
You see here a poisoned dart.
Space bends around you!
You blink.
The yak barely misses you.
You see here 22 stones.
Throw: 18 darts (poison)
Press: ? - help, Q - select action, (/) - cycle Shift-Dir - straight line, f/p - yak
Aim: a yak (almost dead, 70% to hit)
You throw a poisoned dart.
The poisoned dart barely misses the yak.
Unknown command.
You block the yak's attack.
You see here a poisoned dart.
Throw: 17 darts (poison)
Press: ? - help, Q - select action, (/) - cycle Shift-Dir - straight line, f/p - yak
Aim: a yak (severely wounded, 70% to hit)
You throw a poisoned dart. The poisoned dart hits the yak.
The yak is poisoned.
The yak is severely wounded.
The yak gores you but does no damage.
You see here a poisoned dart.
Throw: 16 darts (poison)
Press: ? - help, Q - select action, (/) - cycle Shift-Dir - straight line, f/p - yak
Aim: a yak (almost dead, poisoned, 68% to hit)
You throw a poisoned dart. The poisoned dart hits the yak.
The yak looks even sicker.
The yak is almost dead.
You kill the yak!
Lugonu accepts your kill.
Your Shields skill increases to level 1!
Your Invocations skill increases to level 4!
You have reached level 5!
You feel monstrous as your demonic heritage exerts itself.
Your demonic ancestry asserts itself...
Your fingernails lengthen.
t - 16 poisoned darts (gained 1) Are you sure you want to abandon this character and quit the game? (Confirm with "yes".)

...########.## #.# #...........#
.....# #..# #.# #...........#
.....# ##.###รท# #...........#
.....# #..##.# #...........#
.....# ##.##.####...........#
.....########.#.................#
...##.......................#####
...##..(....................#
.[.##...........@...........#
...##########.#.............#
...# #...............# #'###
##..(...........## ....#
#..(..........^.# .##.# ######
#...............# .##.# #....#
#...######......# .##.# #....#
##..# ###....# .##.###....# #.(#
#....#


There were no monsters in sight!

Vanquished Creatures
  A yak (D:4)
  2 adders
  A worm (D:3)
  3 orcs (D:3)
  3 bats
  7 endoplasms
  3 giant cockroaches (D:1)
  3 goblins
  3 hobgoblins
  10 jackals
  3 quokkas
  3 ball pythons
  4 frilled lizards
  9 kobolds
  5 rats
60 creatures vanquished.

Vanquished Creatures (others)
  2 fungi (D:3)
  2 plants (D:3)
4 creatures vanquished.

Grand Total: 64 creatures vanquished

Notes
Turn   | Place    | Note
-------+----------+-------------------------------------------
     0 | Abyss:1  | siradein the Demonspawn Abyssal Knight began the quest for
                  | the Orb.
     0 | Abyss:1  | Reached XP level 1. HP: 18/18 MP: 2/2
    18 | D:1      | Escaped the Abyss
   159 | D:1      | Reached skill level 1 in Dodging
   259 | D:1      | Gained mutation: You regenerate magic rapidly. [demonic
                  | ancestry]
   259 | D:1      | Reached XP level 2. HP: 24/24 MP: 4/4
   936 | D:1      | Found a faded altar of an unknown god.
  1115 | D:1      | Reached skill level 3 in Invocations
  1115 | D:1      | Gained mutation: When hurt, damage is shared between your
                  | health and your magic reserves. [demonic ancestry]
  1115 | D:1      | Reached XP level 3. HP: 8/29 MP: 5/5
  1689 | D:2      | Found a runed translucent door.
  1690 | D:2      | Noticed Crazy Yiuf
  1800 | D:2      | Found a shadowy altar of Dithmenos.
  2351 | D:3      | Reached ** piety under Lugonu
  2516 | D:3      | Found a hide-covered altar of Uskayaw.
  2680 | D:3      | Found a blossoming altar of Fedhas.
  2691 | D:3      | Reached XP level 4. HP: 35/35 MP: 6/6
  3092 | D:3      | Found an ornate altar of the Wu Jian Council.
  3183 | D:3      | Found a runed translucent gate.
  3183 | D:3      | Found a runed translucent gate.
  3183 | D:3      | Found a runed translucent gate.
  3183 | D:3      | Noticed a kobold brigand
  3184 | D:3      | Noticed Foxy's ghost (weakling BaIE)
  3555 | D:4      | Found a shimmering blue altar of Sif Muna.
  4020 | D:5      | Entered Level 5 of the Dungeon
  4030 | D:5      | Noticed a yak
  4031 | D:5      | Noticed a yak
  4031 | D:5      | Noticed a yak
  4035 | D:5      | Noticed a yak
  4195 | D:4      | Killed a yak
  4196 | D:4      | Reached skill level 1 in Shields
  4196 | D:4      | Reached skill level 4 in Invocations
  4196 | D:4      | Gained mutation: You have sharp fingernails. [demonic
                  | ancestry]
  4196 | D:4      | Reached XP level 5. HP: 9/42 MP: 6/8
  4197 | D:4      | Quit the game

Illustrated notes

Levels and vault maps discovered:
D:1:      evilmike_arrival_fibonacci_small, layout_rooms,
          dreamdust_ecumenical_altar_hidden_monk_grotto, minmay_tromino_i2
D:2:      layout_basic, basic_altar, uniq_crazy_yiuf_cottage
D:3:      layout_basic, eat_drink_and_be_merry_uskayaw, old_standard_altar,
          nicolae_overflow_crystal_walls, gammafunk_ghost_nasty_kobolds,
          minmay_hedge_maze, kennysheep_cross_room, grunt_ministairs_6
D:4:      layout_basic, nicolae_sif_muna_little_library
D:5:      layout_basic, ebering_ghost_sewer_f, hex_tiny

Skill      XL: |  1  2  3  4 |
---------------+-------------+-----
Dodging        | 1 |  1.3
Polearms       | 2 |  2.9
Armour         | 2 |  2.8
Invocations    | 3 4 |  4.0
Shields        | 1 |  1.6
Fighting       | |  3.9

Action                   |  1- 3 |  4- 6 || total
-------------------------+-------+-------++-------
Melee: Spear             |   184 |    81 ||   265
Throw: Dart              |       |    16 ||    16
Invok: Bend Space        |       |     2 ||     2
Armor: Leather armour    |    21 |       ||    21
       Plate armour      |    66 |    40 ||   106
Dodge: Dodged            |    45 |    12 ||    57
Block: Buckler           |    15 |    24 ||    39

Table legend: (Time is in decaauts)
 A = Elapsed time spent in this place.
 B = Non-inter-level travel time spent in this place.
 C = Inter-level travel time spent in this place.
 D = Time resting spent in this place.
 E = Time spent auto-exploring this place.
 F = Levels seen in this place.
 G = Mean time per level.
                   A        B        C        D        E       F      G
               +--------+--------+--------+--------+--------+-----+--------+
         Total |   4212 |   4077 |    135 |    312 |   2919 |   6 |  702.0 |
       Dungeon |   4194 |   4059 |    135 |    312 |   2919 |   5 |  838.8 |
         Abyss |     18 |     18 |      0 |      0 |      0 |   1 |   18.0 |
               +--------+--------+--------+--------+--------+-----+--------+

Top non-repeatable levels by time:
     D:1: 1308 daAuts
     D:3: 1033 daAuts
     D:2: 998 daAuts
     D:4: 843 daAuts
 Abyss:1: 18 daAuts
     D:5: 11 daAuts
